 Dungeon Crawl Stone Soup version 0.28-a0-1339-ga5422284a4 (webtiles) character file.

Game seed: 5331924859432216830

290 bearlyready the Magician (level 6, -11/40 HPs)
             Began as a Djinni Fire Elementalist on Dec 28, 2021.
             Mangled by an ogre (19 damage)
             ... on level 4 of the Dungeon on Dec 29, 2021.
             The game lasted 00:06:05 (4934 turns).

bearlyready the Magician (Djinni Fire Elementalist) Turns: 4934, Time: 00:06:05

Health: -11/40     AC:  3    Str:  7    XL:     6   Next: 58%
Gold:   101        EV: 12    Int: 19    God:
                   SH:  0    Dex: 13

rFire   + + .      SeeInvis .   e - +0 dagger
rCold   x . .      Faith    .   (no shield)
rNeg    . . .      Spirit   .   a - +1 robe
rPois   ∞          Reflect  .   (no helmet)
rElec   .          Harm     .   r - scarf {shadows}
rCorr   .          Rampage  .   (no gloves)
Will    .....                   (boots unavailable)
Stlth   ++........              (no amulet)
HPRegen 0.13/turn               (no ring)
MPRegen 0.00/turn               (no ring)

@: flying
A: sickness immunity, fire resistance 2, cold vulnerability 1, float, innate
caster, hp casting, extra vitality 1
a: no special abilities


You were on level 4 of the Dungeon.
You visited 1 branch of the dungeon, and saw 4 of its levels.

You collected 101 gold pieces.

Inventory:

Hand Weapons
 e - a +0 dagger (weapon)
 j - a +0 trident
 n - a +0 quarterstaff
 o - a +1 mace of pain
Missiles
 g - 114 stones
 l - 24 sling bullets
 m - 4 boomerangs
 p - 28 bolts
Armour
 a - a +1 robe (worn)
 d - a +0 leather armour
 r - a scarf of shadows (worn)
Wands
 t - a wand of paralysis (9)
Scrolls
 i - 6 scrolls of identify {unknown}
 s - a scroll of silence {unknown}
Potions
 b - 3 potions of flight {unknown}
 c - a potion of berserk rage {unknown}
 k - a potion of curing {unknown}


   Skills:
 - Level 2.1 Dodging
 - Level 1.5 Stealth
 + Level 5.3 Spellcasting


You couldn't memorise any spells.
You knew the following spells:

 Your Spells              Type           Power      Damage    Failure   Level
a - Foxfire               Conj/Fire      100%       2x1d9     1%          1
b - Scorch                Fire           50%        2d7       1%          2
c - Conjure Flame         Conj/Fire      25%        6-21      4%          3
d - Inner Flame           Hex/Fire       25%        N/A       4%          3
e - Flame Wave            Conj/Fire      25%        2d6       13%         4
f - Summon Small Mammal   Summ           100%       N/A       1%          1
g - Wereblood             Tmut           25%        N/A       1%          2
Your spell library was empty.

Dungeon Overview and Level Annotations

Branches:
Dungeon (4/15)
 Temple: D:4-7

Altars:
Xom

Annotations:
D:4 Menkaure


Innate Abilities, Weirdness & Mutations

You are immune to sickness and miasma.
You are immune to poison.
Your flesh is very heat resistant. (rF++)
You are vulnerable to cold. (rC-)
You float through the air rather than walking.
You learn spells naturally, not from books.
Your magical power is your life essence.
You have superior vitality. (+4 MHP)


Message History

Menkaure giggles, "These cerements are ticklish..."
You closely miss the goblin.
The goblin is heavily wounded.
The goblin barely misses you.
Menkaure gestures at you while chanting.
You struggle to resist.
You hit the goblin but do no damage.
The goblin is heavily wounded.
The goblin closely misses you.
You barely miss the goblin.
The goblin is moderately wounded.
The goblin hits you with a +0 whip.
The ogre hits you with a +0 giant spiked club!!
Ouch! That really hurt!
You are too injured to fight recklessly!
You are too injured to fight recklessly!
You are too injured to fight recklessly!
You are too injured to fight recklessly!
You are too injured to fight recklessly!
You are too injured to fight recklessly!
There are monsters nearby!
The goblin throws a stone.
The stone hits you but does no damage.
Menkaure gestures wildly while chanting.
Menkaure seems to speed up.
As you read the scroll labelled NADIBL NIAPA, it crumbles to dust.
It is a scroll of enchant armour.
Your +0 robe glows green for a moment.
Menkaure sighs drily.
The ogre closely misses you.
Menkaure calls on the powers of darkness!
The ogre convulses!
Your body is wracked with pain!
* * * LOW HITPOINT WARNING * * *
This is a scroll of acquirement!
Something appears before you!
As you read the scroll labelled FIEPSA NUSENOU, it crumbles to dust.
You hear a loud clanging noise!
It was a scroll of noise.
You hear a shout! x2; You hear an angry hiss.
The ogre hits you with a +0 giant spiked club!!
You die...

. . ..# #... .. ....#
#### ...
####.#############.
....##........##........
....'...................
#g#...##.##.#####..
#.##..##.##.# ####.
#O###M##.##.# #....
#.@......##.# #.###
#####.#####.# #.# # #.#
#.###.### #.# #........
#.# #####.### #.# #.#
..# #†# ### #.### #....


You could see an ogre, Menkaure (fast) and a goblin.

Vanquished Creatures
  An ogre (D:4)
  A scorpion (D:4)
  A centaur zombie (D:4)
  3 adders
  A worm (D:3)
  6 dart slugs
  An orc (D:4)
  6 endoplasms
  3 giant cockroaches
  7 goblins
  8 hobgoblins
  6 jackals (D:1)
  4 kobolds
  10 quokkas
  4 ball pythons
  7 bats
  A frilled lizard (D:1)
  5 rats
75 creatures vanquished.

Vanquished Creatures (others)
  200 foxfires
  10 toadstools (D:2)
210 creatures vanquished.

Grand Total: 285 creatures vanquished

Notes
Turn   | Place    | Note
-------+----------+-------------------------------------------
     0 | D:1      | bearlyready the Djinni Fire Elementalist began the quest
                  | for the Orb.
     0 | D:1      | Reached XP level 1. HP: 15/15 MP: 0/0
    16 | D:1      | Reached XP level 2. HP: 5/21 MP: 0/0
   370 | D:1      | Reached skill level 3 in Spellcasting
   725 | D:1      | Reached XP level 3. HP: 22/25 MP: 0/0
   725 | D:1      | Learned a level 1 spell: Summon Small Mammal
  1336 | D:1      | Reached XP level 4. HP: 22/31 MP: 0/0
  1966 | D:2      | Reached skill level 4 in Spellcasting
  3069 | D:3      | Found a shimmering altar of Xom.
  3350 | D:3      | Reached XP level 5. HP: 32/35 MP: 0/0
  3350 | D:3      | Learned a level 2 spell: Wereblood
  3543 | D:3      | Found a faded altar of an unknown god.
  4503 | D:4      | Noticed an ogre
  4514 | D:4      | Killed an ogre
  4515 | D:4      | Reached skill level 5 in Spellcasting
  4515 | D:4      | Reached XP level 6. HP: 32/40 MP: 0/0
  4922 | D:4      | Noticed Menkaure
  4923 | D:4      | Noticed an ogre
  4933 | D:4      | Identified a scroll of acquirement
  4933 | D:4      | Acquired the ring of Descent {Will+ Dex+2}
  4934 | D:4      | Mangled by an ogre

Illustrated notes

Levels and vault maps discovered:
D:1:      dpeg_arrival_stonehenge_12_columns, layout_basic
D:2:      cheibrodos_fertilizer, layout_loops_cross, minmay_cupped
D:3:      layout_basic, mainiacjoe_overflow_boulevard,
          hellmonk_ecumenical_altar_run_dry
D:4:      layout_loops_corners, general_overflow_altar, minmay_unequal,
          uniq_grinder, uniq_pikel, uniq_edmund, uniq_menkaure

Skill      XL: |  1  2  3  4  5 |
---------------+----------------+-----
Spellcasting   | 3 4 5 |  5.3
Dodging        | |  2.1
Stealth        | |  1.5

Action                   |  1- 3 |  4- 6 || total
-------------------------+-------+-------++-------
Melee: Unarmed           |     1 |       ||     1
       Dagger            |       |    93 ||    93
 Cast: Foxfire           |    69 |    44 ||   113
       Scorch            |       |    24 ||    24
Evoke: Wand              |       |     1 ||     1
  Use: Scroll            |       |     3 ||     3
 Stab: Paralysed         |       |     5 ||     5
       Sleeping          |       |     2 ||     2
Armor: Robe              |     1 |    20 ||    21
       Leather armour    |       |     6 ||     6
Dodge: Dodged            |     8 |    78 ||    86

Table legend: (Time is in decaauts)
 A = Elapsed time spent in this place.
 B = Non-inter-level travel time spent in this place.
 C = Inter-level travel time spent in this place.
 D = Time resting spent in this place.
 E = Time spent auto-exploring this place.
 F = Levels seen in this place.
 G = Mean time per level.
                   A        B        C        D        E       F      G
               +--------+--------+--------+--------+--------+-----+--------+
         Total |   4932 |   4880 |     52 |    269 |   4052 |   4 | 1233.0 |
       Dungeon |   4932 |   4880 |     52 |    269 |   4052 |   4 | 1233.0 |
               +--------+--------+--------+--------+--------+-----+--------+

Top non-repeatable levels by time:
     D:1: 1638 daAuts
     D:3: 1380 daAuts
     D:2: 1337 daAuts
     D:4: 575 daAuts
